AoeStats
← Coldplay

Nomad

510247740Analyzed
3v3 RM · 8h ago on Sep 30, 2026· 42m 22s· 6 players
Game mode
Random Map
Map size
210×210
Population
200
Speed
Normal
Resources
Standard
Victory
Conquest
Starting age
Dark Age
Ending age
Imperial Age
RankedLock teamsTeams togetherTeam positionsShared explorationLock speedFull tech treeHidden civsTurbo modeCheats
Victory
Defeat
🇵🇪 Bulgarians · Peru
1174
+14
🇺🇸 Danes · United States
1138
+16
🇨🇳 Italians · China
1118
+17
🇦🇷 Mongols · Argentina
1148
-16
🇦🇷 Italians · Argentina
1143
-16
🇦🇷 Khmer · Argentina
1112
-15
LastManStandin_1
4:14 Loom
16:20 Feudal Age
16:24 Man-at-Arms
17:28 Arson
17:51 Fishing Lines
19:47 Forging
22:23 Fletching
24:35 Castle Age
25:03 Double-Bit Axe
25:06 Pikeman
28:14 Iron Casting
28:14 Gold Mining
31:18 Gillnets
33:29 Horse Collar
37:03 Scale Mail Armor
37:39 Squires
43:22 Wheelbarrow
Theviper
3:28 Loom
13:00 Feudal Age
14:46 Forging
15:29 Arson
16:02 Scale Mail Armor
25:37 Castle Age
29:23 Wheelbarrow
30:34 Hand Cart
31:48 Double-Bit Axe
33:25 Bow Saw
37:43 Hand Cart
40:14 Horse Collar
43:35 Imperial Age
41:53 Gold Mining
42:49 Ballistics
42:36 Town Watch
Coldplay
10:03 Loom
14:54 Feudal Age
16:03 Double-Bit Axe
17:19 Fletching
17:30 Gold Mining
17:49 Fishing Lines
20:54 Wheelbarrow
25:37 Castle Age
23:45 Padded Archer Armor
25:00 Stone Mining
26:52 Medium Warships
26:44 Bodkin Arrow
27:20 Bow Saw
28:39 Gillnets
30:06 Clinker Construction
30:50 Hand Cart
31:25 Ballistics
30:48 Treadmill Crane
35:36 Imperial Age
35:24 Stone Shaft Mining
35:15 Leather Archer Armor
35:59 Scale Barding Armor
36:05 Forging
37:53 Chemistry
37:53 Conscription
37:41 Town Watch
38:48 Town Patrol
39:42 Elite Genoese Crossbowman
40:45 Bloodlines
40:39 Husbandry
42:41 Two-Man Saw
42:11 Light Cavalry
Gabo
9:12 Loom
15:01 Feudal Age
22:00 Castle Age
39:09 Murder Holes
El Biglie
14:48 Feudal Age
15:23 Double-Bit Axe
19:54 Gold Mining
19:46 Horse Collar
24:56 Castle Age
23:48 Stone Mining
25:05 Wheelbarrow
24:30 Loom
25:25 Wheelbarrow
26:27 Bow Saw
27:01 Medium Warships
32:21 Hand Cart
32:08 Heavy Plow
32:32 Town Watch
32:12 Crossbowman
37:58 Imperial Age
36:50 Thumb Ring
37:34 Fletching
39:36 Bodkin Arrow
40:23 Bracer
41:32 Padded Archer Armor
42:29 Ballistics
Luchov
16:07 Loom
18:28 Feudal Age
22:18 Double-Bit Axe
24:55 Castle Age
23:34 Wheelbarrow
23:03 Gold Mining
26:40 Light Cavalry
27:30 Bloodlines
28:23 Fletching
28:34 Padded Archer Armor
29:48 Forging
31:32 Gold Mining
31:56 Bow Saw
36:11 Bodkin Arrow
36:31 Leather Archer Armor
39:44 Leather Archer Armor
Connection lost

Rejoining the realm…

Still unreachable

The connection could not be restored.

Session expired

The server has moved on; the page needs a fresh start.